[Event "44th Chess Olympiad Open 2022"]
[Site "Chennai"]
[Date "2022.08.02"]
[Round "5.76"]
[White "dos Reis, Tito"]
[Black "Abdirahman Omar Sheikh"]
[Result "0-1"]
[WhiteElo "1658"]
[BlackElo "2051"]
[Annotator "NA RC"]
[PlyCount "106"]
[EventDate "2022.??.??"]
[TimeControl "60"]

1. f4 d5 2. Nf3 Nf6 3. d4 Bf5 4. e3 e6 5. Bd3 c6 6. O-O Nbd7 7. c3 Ne4 8. Qe2 Qb6 9. b4 Be7 10. a4 a5 11. b5 O-O 12. c4 dxc4 13.
Bxc4 cxb5 14. Bxb5 Ndf6 15. Ne5 h5 16. Qe1 Bb4 17. Qd1 Qd8 18.
Be2 g6 19. Ba3 Nd5 20. Qb3 Rc8 21. Nc4 Rc7 22. Bxb4 axb4 23. Bf3 Rxc4 24. Bxe4 Bxe4 25. Qxc4 Nxe3 26. Qxb4 Nxf1 27. Kxf1 Qh4 28.
Nd2 Qxf4+ 29. Kg1 Qe3+ 30. Kh1 Rc8 31. Rg1 Bxg2+ 32. Kxg2 Rc2 33. Kh1 Qxd2 34. Qd6 Qe2 35. Qf4 Kg7 36. h4 Qf2 37. Qxf2 Rxf2 38. Rb1 Rf4 39. Rxb7 Rxd4 40. a5 Rxh4+ 41. Kg2 Ra4 42. Ra7 Kf6 43. a6 g5 44. Ra8 h4 45. a7 Ra3 46. Kh2 Kf5 47. Kg2 Kf4 48.
Kh2 e5 49. Kg2 f5 50. Kh2 e4 51. Kg2 h3+ 52. Kh2 Ra2+ 53. Kg1 h2+ 0-1

[Event "44th Chess Olympiad Open 2022"]
[Site "Chennai"]
[Date "2022.08.02"]
[Round "5.77"]
[White "Ahmad, Md Siraj Munir"]
[Black "De Gondo, Simplice Armel"]
[Result "1/2-1/2"]
[WhiteElo "2035"]
[BlackElo "2135"]
[Annotator "NA RC"]
[PlyCount "157"]
[EventDate "2022.??.??"]
[TimeControl "60"]

1. e4 c5 2. Nf3 d6 3. Bb5+ Nd7 4. d4 cxd4 5. Qxd4 Qc7 6. c4 Ngf6 7. Nc3 e6 8. Bg5 Be7 9. O-O O-O 10. Rfd1 Rd8 11. Rac1 Ne5 12. Nxe5 dxe5 13. Qe3 Rxd1+ 14. Rxd1 a6 15. Bxf6 Bxf6 16.
Ba4 Qxc4 17. Qb6 g6 18. Rd6 a5 19. Bb3 Qb4 20. Qxb4 axb4 21. Na4 Be7 22. Rd1 Ra6 23. Rc1 Bd7 24. Nc5 Rc6 25. Nd3 Rxc1+ 26. Nxc1 Bc6 27. Nd3 Bd6 28. f3 Kf8 29. Kf2 Bb5 30. Ke3 Ke7 31.
h3 Kf6 32. g3 h5 33. Ke2 Kg5 34. Ke3 Bxd3 35. Kxd3 h4 36. Ke2 hxg3 37. Kf1 Kf4 38. Kg2 Bc5 39. Ba4 g5 40. Be8 f5 41. Bg6 Bd4 42. b3 Bf2 43.
Bh7 b6 44. Bg6 Be1 45. Bh7 Bf2 46. Bg6 Bc5 47. Bh7 Be7 48. Bg6 g4 49. hxg4 fxg4 50. fxg4 Bh4 51. Bh7 Kxg4 52. Bg6 Kf4 53. Bh7 Be7 54. Bg6 Bc5 55. Bh7 Bf2 56. Bg6 Ke3 57. Bh7 Kd4 58. Kf3 Be1 59. Bg6 Kd3 60. Bh7 Kc3 61. Bg8 Kb2 62. Bxe6 Kxa2 63. Bd5 Kb2 64. Be6 Kc3 65. Bd5 b5 66. Be6 Bf2 67. Bf7 Kd4 68. Bd5 Kd3 69. Bc6 Kc3 70. Bd5 Be1 71. Kg2 Kd3 72. Kf3 Kd4 73. Bc6 Kc3 74. Bd5 Bf2 75. Kg2 Kd2 76. Bc6 Ke3 77. Bd5 Kf4 78. Bc6 Be1 79. Bd5 1/2-1/2

[Event "44th Chess Olympiad Open 2022"]
[Site "Chennai"]
[Date "2022.08.02"]
[Round "5.77"]
[White "Sharikhan, Shawal"]
[Black "Mambe, Lobognon Anderson O"]
[Result "1/2-1/2"]
[WhiteElo "1789"]
[BlackElo "1921"]
[Annotator "NA RC"]
[PlyCount "173"]
[EventDate "2022.??.??"]
[TimeControl "60"]

1. e4 e6 2. d4 d5 3. Nc3 Nf6 4. e5 Nfd7 5. f4 c5 6. Nf3 Qb6 7. Be3 a6 8. Na4 Qa5+ 9. c3 cxd4 10. b4 Qc7 11. Qxd4 Nc6 12. Qd2 Be7 13.
Be2 O-O 14. O-O b5 15. Nb2 Bb7 16. a4 bxa4 17. Nxa4 Rac8 18. Kh1 Rfd8 19. Nd4 Nxd4 20. Bxd4 Re8 21. h3 f6 22. Qe3 fxe5 23. fxe5 Rf8 24. Nb6 Nxb6 25. Bxb6 Qxc3 26. Qxc3 Rxf1+ 27. Bxf1 Rxc3 28. Bd4 Rb3 29. b5 Ra3 30. Rxa3 Bxa3 31. bxa6 Ba8 32. Kg1 Kf7 33. Bd3 g6 34. Kf2 Bc6 35. a7 Ke7 36. Ke1 Kd8 37. Kd2 Bb4+ 38. Kc2 Ba5 39. g4 Kc7 40. Bb5 Ba8 41. Be8 Kd8 42. Bb5 Kc7 43. Kd3 Bb4 44. Kc2 Be1 45. Kb3 Bd2 46. Ka4 Bf4 47. Be8 Bd2 48. Kb5 Be1 49. Bb6+ Kc8 50. Bc6 Bb7 51. a8=Q+ Bxa8 52. Bxa8 Bc3 53. Bc6 Bxe5 54. Kb4 Bf6 55. Kb3 Bg7 56. Kc2 Bf6 57. Kd3 Bg7 58. Bd4 Bf8 59. Bf6 Ba3 60. Be8 Kc7 61. Be5+ Kd8 62. Bf7 Ke7 63. Bg8 h6 64. h4 Bc1 65. h5 gxh5 66. gxh5 Bg5 67. Ke2 Bc1 68. Kf2 Bg5 69. Kf3 Bd2 70.
Bh7 Kf7 71. Bg6+ Ke7 72. Ke2 Bg5 73. Kd3 Bc1 74. Kc2 Be3 75.
Kb3 Bg5 76. Ka4 Bf6 77. Bb8 e5 78. Bf5 Bg7 79. Kb5 Kf6 80.
Bg6 Ke6 81. Kb4 Bf6 82. Kb3 Bg5 83. Kc2 e4 84. Bg3 Be3 85.
Kd1 Kf6 86. Ke2 Bg5 87. Bb8 1/2-1/2

[Event "44th Chess Olympiad Open 2022"]
[Site "Chennai"]
[Date "2022.08.02"]
[Round "5.78"]
[White "Arnold Smith"]
[Black "Bongo Ngombele, Tary"]
[Result "1-0"]
[WhiteElo "1931"]
[BlackElo "1688"]
[Annotator "NA RC"]
[PlyCount "83"]
[EventDate "2022.??.??"]
[TimeControl "60"]

1. e4 e5 2. Nf3 Nc6 3. d4 exd4 4. Bc4 Be7 5. Nxd4 Nf6 6.
Nxc6 dxc6 7. Qxd8+ Bxd8 8. O-O O-O 9. Re1 Re8 10. f3 b5 11.
Bb3 Be7 12. Nc3 Bc5+ 13. Be3 Bb6 14. Rad1 b4 15. Na4 Bxe3+ 16. Rxe3 Ba6 17. Nc5 Bb5 18. e5 a5 19. Kf2 Nd5 20. Bxd5 cxd5 21. Rxd5 Bc4 22. Rd1 Bxa2 23. b3 Rad8 24. Nd3 a4 25. bxa4 Ra8 26. Nxb4 Rxa4 27. Nxa2 Rxa2 28. Rc3 Ra7 29. Rd7 Rc8 30. e6 fxe6 31. Rc6 e5 32. Re6 Ra2 33. Ree7 Rxc2+ 34. Kg3 Kh8 35. Rxg7 Rg8 36. Rxg8+ Kxg8 37. Re7 Rc5 38. Kg4 c6 39. h4 Rc4+ 40. Kg5 Rc2 41. Kf6 Rxg2 42. Re8# 1-0

[Event "44th Chess Olympiad Open 2022"]
[Site "Chennai"]
[Date "2022.08.02"]
[Round "5.78"]
[White "Bobby Ballah"]
[Black "Koumba, Mounguen Jose Evrar"]
[Result "1-0"]
[WhiteElo "1916"]
[BlackElo "1942"]
[Annotator "NA RC"]
[PlyCount "57"]
[EventDate "2022.??.??"]
[TimeControl "60"]

1. b3 e5 2. Bb2 Nc6 3. Nc3 d5 4. e3 Nf6 5. Qe2 Be6 6. O-O-O a6 7. Nf3 e4 8. Ng1 Bd6 9. f3 Qe7 10. Kb1 Ba3 11. Ba1 O-O 12. h3 Qb4 13.
g4 d4 14. Nxe4 Nxe4 15. fxe4 Rfd8 16. Nf3 d3 17. Qf2 Na5 18. Bxd3 Rxd3 19. Nd4 Nxb3 20. cxb3 c5 21. Bc3 Qb6 22. Nxe6 Qxe6 23. Qf5 Qb6 24. Rhf1 Rf8 25. Kc2 Qb5 26. e5 c4 27. e6 Rd5 28. exf7+ Kh8 29. Bxg7+ 1-0

[Event "44th Chess Olympiad Open 2022"]
[Site "Chennai"]
[Date "2022.08.02"]
[Round "5.78"]
[White "Bongo Akanga Ndjila, Barthelemy"]
[Black "Daniel Kolliemelen"]
[Result "1/2-1/2"]
[WhiteElo "1803"]
[BlackElo "1870"]
[Annotator "NA RC COMBH"]
[PlyCount "155"]
[EventDate "2022.??.??"]
[TimeControl "60"]

1. d4 d5 2. c4 c6 3. Nc3 f5 4. e3 e6 5. Qh5+ g6 6. Qf3 Bg7 7. h4 Nf6 8. Nh3 Qc7 9. Nf4 Bh6 10. Qg3 Bxf4 11. Qxf4 Qxf4 12. exf4 Nbd7 13. c5 b6 14. cxb6 axb6 15. f3 Ba6 16. Bxa6 Rxa6 17. O-O Kf7 18. Bd2 Rha8 19. a3 b5 20. Rae1 Nb6 21. Na2 Nc4 22. Bc1 R6a7 23. Nb4 Rc7 24. Nd3 Nd7 25. Re2 h6 26. Rfe1 Re8 27. Rc2 Rec8 28. Rce2 Re8 29. b3 Na5 30. Rb2 Nb7 31. Ne5+ Nxe5 32. fxe5 c5 33. dxc5 Nxc5 34. Rc2 Rec8 35. Bxh6 Nd3 36. Rxc7+ Rxc7 37. Rb1 Ra7 38.
Ra1 Nxe5 39. Kf2 Nc6 40. Be3 d4 41. Bd2 Ke7 42. g4 fxg4 43.
fxg4 Kd6 44. a4 e5 45. h5 Kd5 46. hxg6 e4 47. Bh6 Ne7 48. g7 Ng8 49. g5 bxa4 50. bxa4 Rf7+ 51. Ke1 Rb7 52. a5 e3 53. a6 Ra7 54. Ke2 Ke4 55. Ra4 Ne7 56. g8=Q Nxg8 57. Bf8 Kd5 58. Kd3 Kc6 59. Kxd4 Kb5 60. Rb4+ Kc6 61. Rc4+ Kb5 62. Rc5+ Kxa6 63. Kxe3 Rf7 64. Bd6 Rd7 65. Bf8 Rf7 66. Rc8 Kb7 67. Re8 Rf5 68. Bh6 Nxh6 69. gxh6 Rh5 70. Re6 Kc7 71. Kf4 Kd7 72. Ra6 Ke7 73. Kg4 Rh1 74. Kg5 Kf7 75. Ra7+ Kg8 76. h7+ Kh8 77. Kg6 Rg1+ 78. Kh6 1/2-1/2

[Event "44th Chess Olympiad Open 2022"]
[Site "Chennai"]
[Date "2022.08.02"]
[Round "5.79"]
[White "Pereira, Sergio Murilo de Ar"]
[Black "Jaiswal Prashant S"]
[Result "1-0"]
[WhiteElo "2093"]
[BlackElo "1683"]
[Annotator "NA RC"]
[PlyCount "65"]
[EventDate "2022.??.??"]
[TimeControl "60"]

1. e4 c5 2. c3 d5 3. exd5 Qxd5 4. d4 Nf6 5. dxc5 Qxc5 6. Na3 a6 7. Be3 Qc7 8. Nf3 e6 9. Nc4 Nbd7 10. a4 Be7 11. Qd2 O-O 12. Bf4 Qd8 13.
Be2 Nd5 14. Bg3 Nc5 15. Qc2 Nd7 16. O-O N7b6 17. Rfd1 Nd7 18. Nd4 Bc5 19. Bf3 N7f6 20. Nb3 Ba7 21. Nca5 Qb6 22. c4 Nb4 23. Qc3 Nbd5 24. cxd5 exd5 25. Nd4 Ne4 26. Bxe4 dxe4 27. Nc4 Qg6 28. Nd6 Bg4 29. f3 exf3 30. gxf3 Bh3 31. Kh1 h5 32. Rg1 Qf6 33. Rad1 1-0

[Event "44th Chess Olympiad Open 2022"]
[Site "Chennai"]
[Date "2022.08.02"]
[Round "5.79"]
[White "Espirito Santo, Waldyr"]
[Black "Prasad, Rudr"]
[Result "1/2-1/2"]
[WhiteElo "1922"]
[BlackElo "1566"]
[Annotator "TA"]
[PlyCount "92"]
[EventDate "2022.??.??"]
[TimeControl "60"]

1. e4 c6 2. d4 d5 3. exd5 cxd5 4. Bd3 Nc6 5.
c3 Qc7 6. Ne2 e5 {[%emt 0:
00:00] B13: Caro-Kann: Exchange Variation and Panov-Botvinnik Attack.} 7. dxe5 Nxe5 8. Bb5+ Bd7 9. Bxd7+ Qxd7 10. O-O Be7 11. Bf4 $36 {[%emt 0:01:08] White is more active.} Ng6 12. Bg3 Nf6 13. Nd2 {[%emt 0:
04:01] [#]} Nh5 $146 ({Predecessor:} 13... O-O 14. Nd4 Ne4 15.
Re1 Nxg3 16. hxg3 Bf6 17. N2f3 Rfe8 18. Qd3 Rad8 19. Rxe8+ Qxe8 {1-0 (40)
Dudek,R (2293)-Delemarre,I (2254) Germany 2000}) 14. Nf3 Nxg3 15. hxg3 h5 (15... Bf6 $14)
16. Qd4 (16. Nf4 $16) 16... Kf8 (16... Bf6
$11 17. Qc5 b6 18. Qe3+ Qe7) 17. Rad1 $16 Qb5 18. Rd2 Rd8 19. Rfd1 Bc5 20. Qd3 Qb6 21. Ned4 h4 22. Qf5 (22. g4 $1 $16)
22... hxg3 $11 23. fxg3 Ne7 24. Qg4 (24. Qg5 $11) 24... Qh6 (24... Ng8 $1
$17 25. b4 Bd6) 25. Kf2 {[%emt 0:07:25] [#]} (25. Qf4 $15) 25...
Nc8 ({Black should try} 25... Ng8 $1 $17 {[%cal Rg8f6] ...Nf6
is the strong threat.} 26. Re2 Nf6) 26. Qg5 Qb6 (26... Qxg5 $15 27. Nxg5 Rh5) 27. Re2 Be7 28. Qf4 Nd6 {[%emt 0:00:00] next ...Ne4+ is
good for Black.} 29. Ne5 {[%emt 0:10:12] Threatens to win with Ng6+.} Rh6 {
[%emt 0:02:21] Against Ng6+. White must now prevent ...Rf6.} 30. Kg1 ({But not} 30. Kf3 $2 Rf6 31. Ng4 Rxf4+ $19) 30... Rf6 31. Qg4 {[%emt 0:00:43] And now Nd7+ would win.} Qc7 {[%emt 0:00:00] Inhibits
Nd7+.} 32. Ndf3 Ne4 (32... Nf5 $11) 33. Rxe4
$14 {[%emt 0:02:28] Active counter play!} dxe4 34. Nd7+ $2 {
[%emt 0:02:33] [#]} (34. Rxd8+ $14 Bxd8 35. Nd7+ Kg8 36. Nxf6+ Bxf6 37. Qxe4)
34... Rxd7 $1 $17 35. Rxd7 Qb6+ (35... Bc5+ $17 36. Nd4 Qc6 37. Rd8+ Ke7) 36. Rd4 $2 {[%emt 0:01:42] [#]}
(36. Nd4 $1 $11 {and White stays safe.}) 36... Rd6 $1 $19 ({
Inferior is} 36... exf3 37. Qc8+ Bd8 38. Qxd8+ Qxd8 39. Rxd8+ Ke7 40. Rb8 $11)
37. Qxe4 Rxd4 $2 (37... Qxb2 38. Rc4 $15) (
37... Re6 $19 38. Qh7 Bf6 39. Qh8+ Ke7) 38. cxd4 $11 Qxb2 $19
{[%emt 0:00:34] Endgame KQB-KQN} 39. Qh7 Bf6 40. Qe4 (40. Qh8+ $15 Ke7 41. Qb8) 40... Qxa2
$17 41. Qxb7 a5 (41... g6
$17 42. Qc8+ Kg7) 42. Qc8+ Ke7 43. Qc5+ Kd7 44. d5 ({Better is} 44.
Kh2 $11) 44... Qb1+ ({Black should play} 44... Qa1+ $1 $15 45.
Kh2 Qc3) 45. Kh2 $11 Qh7+ 46. Kg1 Qb1+ {[%emt 0:00:00] Weighted Error Value: White=0.35/Black=0.36}
1/2-1/2

[Event "44th Chess Olympiad Open 2022"]
[Site "Chennai"]
[Date "2022.08.02"]
[Round "5.79"]
[White "Terubea, Ronald"]
[Black "Alegre, Fabio Costa"]
[Result "0-1"]
[WhiteElo "1742"]
[BlackElo "1809"]
[Annotator "NA RC"]
[PlyCount "58"]
[EventDate "2022.??.??"]
[TimeControl "60"]

1. e4 c5 2. Bc4 e6 3. Nc3 Nc6 4. Nf3 d6 5. d4 cxd4 6. Nxd4 a6 7. a4 Nf6 8. Bg5 Be7 9. O-O O-O 10. Nxc6 bxc6 11. a5 Rb8 12. b3 d5 13. exd5 cxd5 14. Bd3 Qc7 15. Bd2 e5 16. Na4 Re8 17. Re1 e4 18. Bf1 Bd6 19. g3 d4 20. c4 h5 21. Nb6 Bg4 22. Be2 e3 23. Bc1 exf2+ 24. Kxf2 Ne4+ 25. Kg2 Nc3 26. Bxg4 Nxd1 27. Rxe8+ Rxe8 28. Bxd1 Qb7+ 29. Bf3 Re2+ 0-1

[Event "44th Chess Olympiad Open 2022"]
[Site "Chennai"]
[Date "2022.08.02"]
[Round "5.79"]
[White "Prakash, Prashil"]
[Black "Lima, Osvaldo Dos Santos"]
[Result "0-1"]
[WhiteElo "1514"]
[BlackElo "1863"]
[Annotator "NA RC"]
[PlyCount "74"]
[EventDate "2022.??.??"]
[TimeControl "60"]

1. d4 Nf6 2. c4 g6 3. Nf3 Bg7 4. g3 d6 5. Bg2 O-O 6. O-O Nbd7 7. Nc3 h6 8.
Bf4 Re8 9. Qd2 Kh7 10. e4 Nh5 11. Be3 e5 12. d5 Nb6 13. b3 Nf6 14. Qc2 Nbd7 15. Rad1 Nf8 16. Rfe1 g5 17. c5 a6 18. cxd6 cxd6 19. Na4 b5 20. Nb6 Rb8 21. Nxc8 Rxc8 22. Qb2 Nxe4 23. Bh3 Nf6 24. Bxc8 Qxc8 25. Kg2 Ng6 26. Rc1 Qg4 27. h3 Qf5 28. g4 Nxg4 29. Nxg5+ hxg5 30. hxg4 Qxg4+ 31. Kf1 Qf3 32. Red1 f5 33. Qc2 f4 34. Bb6 e4 35. Ke1 e3 36. Rd3 Qh1+ 37. Ke2 f3# 0-1

[Event "44th Chess Olympiad Open 2022"]
[Site "Chennai"]
[Date "2022.08.02"]
[Round "5.80"]
[White "Isam, Gaith"]
[Black "Khalema, Sechaba"]
[Result "1-0"]
[WhiteElo "1828"]
[BlackElo "1790"]
[Annotator "NA RC"]
[PlyCount "89"]
[EventDate "2022.??.??"]
[TimeControl "60"]

1. e4 e5 2. Nf3 Nc6 3. Bc4 Bc5 4. c3 Nf6 5. d3 d6 6. a4 a6 7. b4 Ba7 8. a5 O-O 9. Bg5 Be6 10. Nbd2 Qe7 11. O-O Rad8 12. Bd5 Bc8 13. Re1 Nb8 14. Nf1 c6 15. Ba2 Be6 16. Ng3 h6 17. Be3 Bxe3 18. Rxe3 Kh7 19. Qc2 Nbd7 20. d4 g6 21. Rd1 Rfe8 22. h3 Bxa2 23. Qxa2 Kg7 24. Nh4 Kh7 25. Rf3 d5 26. Qb3 Rf8 27. Re3 Nxe4 28. Nxe4 exd4 29. Rxd4 Qxh4 30. Ng3 Qf6 31. Qc2 Rfe8 32. Rf3 Re1+ 33. Kh2 Qe6 34. Qd2 Re8 35. Rh4 g5 36. Qxg5 Re7 37. Nf5 Qe5+ 38. g3 Re6 39. Rxh6+ Rxh6 40. Qxh6+ Kg8 41. Qg5+ Kh7 42. Rf4 Re4 43. Qh5+ Kg8 44. Nh6+ Kg7 45. Rxf7+ 1-0

[Event "44th Chess Olympiad Open 2022"]
[Site "Chennai"]
[Date "2022.08.02"]
[Round "5.80"]
[White "Klaas Tokelo"]
[Black "Shawabke Ziyad"]
[Result "1/2-1/2"]
[WhiteElo "1812"]
[BlackElo "1786"]
[Annotator "NA"]
[PlyCount "93"]
[EventDate "2022.??.??"]
[TimeControl "60"]

1. d4 Nf6 2. Nf3 d5 3. e3 c5 4. Be2 e6 5. O-O Nc6 6. Nbd2 Be7 7. b3 cxd4 8. exd4 O-O 9. Bb2 a5 10. a3 b6 11. Bb5 Qc7 12. Qe2 Bd7 13.
Rac1 Na7 14. Bd3 a4 15. c4 Qd8 16. b4 dxc4 17. Nxc4 Bb5 18. Nfe5 Rc8 19. Rcd1 Bxc4
20. Nxc4 Nc6 21. b5 Na5 22.
Nxa5 bxa5 23. Bc2 Nd5 24. Qd3 g6 25. Bxa4 Bd6 26. g3 Nb6 27.
Bb3 a4 28. Ba2 Nd5 29. Rc1 Qb6 30. Rxc8 Rxc8 31. Rc1 Rb8 32. Rc6 Qxb5 33. Qxb5 Rxb5 34. Rxd6 Rxb2 35. Bxd5 exd5 36. Ra6 Rd2 37.
Rxa4 Kg7 38. Kg2 Rd3 39. Kf1 Rd2 40. Ke1 Ra2 41. Ra5 Kf6 42.
Rxd5 Rxa3 43. Re5 Rd3 44. Re4 Kf5 45. Rf4+ Ke6 46. Ke2 Ra3 47. Re4+ 1/2-1/2

[Event "44th Chess Olympiad Open 2022"]
[Site "Chennai"]
[Date "2022.08.02"]
[Round "5.80"]
[White "Altell, Majed"]
[Black "Tsephe, Lebajoa"]
[Result "0-1"]
[WhiteElo "1807"]
[BlackElo "1712"]
[Annotator "NA RC"]
[PlyCount "78"]
[EventDate "2022.??.??"]
[TimeControl "60"]

1. d4 Nf6 2. c4 g6 3. Nc3 Bg7 4. e4 d6 5. Nge2 c6 6. f3 a6 7. Be3 b5 8. cxb5 axb5 9. a3 Nbd7 10. Ng3 h5 11. Bd3 Qb6 12. b4 h4 13. Nge2 Qb8 14. O-O e5 15.
d5 cxd5 16. exd5 Ba6 17. a4 bxa4 18. Qxa4 Bb7 19. Ba7 Qc8 20. Rfc1 Ke7 21. Qb3 Bh6 22. f4 Qd8 23. Be3 Ng4 24. Rxa8 Qxa8 25. Bf2 Nxf2 26. Kxf2 exf4 27. Be4 f3 28. Bxf3 Bxc1 29. Nxc1 Qa7+ 30. Ke2 h3 31. Qc2 hxg2 32. Bxg2 Qg1 33. Qe4+ Ne5 34. Nd3 f5 35. Qe3 Qxg2+ 36. Nf2 Rxh2 37. Qb6 Qf3+ 38. Ke1 Nd3+ 39. Nxd3 Qh1+ 0-1

[Event "44th Chess Olympiad Open 2022"]
[Site "Chennai"]
[Date "2022.08.02"]
[Round "5.80"]
[White "Bokang, Motsamai"]
[Black "Miswadah, Baha"]
[Result "0-1"]
[WhiteElo "1433"]
[BlackElo "1985"]
[Annotator "NA RC"]
[PlyCount "42"]
[EventDate "2022.??.??"]
[TimeControl "60"]

1. d4 d5 2. Nf3 Nf6 3. e3 e6 4. Bd3 Be7 5. b3 Nbd7 6. Bb2 O-O 7. O-O b6 8. Nbd2 Bb7 9. Rc1 Ne4 10. c4 Rc8 11. Qe2 f5 12. cxd5 exd5 13.
Ba6 Bxa6 14. Qxa6 Bd6 15. Qxa7 Qe7 16. Qb7 Ndf6 17. Rfd1 Nxf2 18. Kxf2 Ng4+ 19. Kf1 Qxe3 20. Qxd5+ Kh8 21. Ne4 fxe4 0-1

[Event "44th Chess Olympiad Open 2022"]
[Site "Chennai"]
[Date "2022.08.02"]
[Round "5.81"]
[White "Vasco Mateus Felizardo Viagei"]
[Black "Young, Christopher"]
[Result "1-0"]
[WhiteElo "1852"]
[BlackElo "1990"]
[Annotator "NA RC"]
[PlyCount "81"]
[EventDate "2022.??.??"]
[TimeControl "60"]

1. e4 c5 2. Nf3 e6 3. c3 Nf6 4. e5 Nd5 5. Bc4 Nc6 6. O-O Be7 7. d4 d6 8. Qe2 O-O 9. Rd1 Qc7 10. Bd3 f6 11. exf6 Nxf6 12. dxc5 d5 13. Nd4 e5 14. Nxc6 bxc6 15. h3 Bxc5 16. Be3 Bd6 17. Nd2 Bd7 18. c4 e4 19. Bc2 Be5 20.
Bc5 Rfe8 21. Rab1 Bf5 22. Nf1 Rad8 23. cxd5 cxd5 24. b4 d4 25. Ba4 Bd7 26. Bb3+ Kh8 27. Bxd4 Bxd4 28. Rxd4 Bb5 29. Qd2 Bd3 30. Rc1 Qb6 31. Rxd8 Rxd8 32. Ne3 h6 33. Rc5 Rb8 34. a3 Qa6 35. Ra5 Qb6 36. Qc3 a6 37. Rc5 Qd6 38. Nf5 Qf4 39. Ne7 Kh7 40. Bf7 Rf8 41. Ng6 1-0

[Event "44th Chess Olympiad Open 2022"]
[Site "Chennai"]
[Date "2022.08.02"]
[Round "5.81"]
[White "Rafael Chirinza"]
[Black "Swaminathan, Laia"]
[Result "1-0"]
[WhiteElo "1725"]
[BlackElo "1460"]
[Annotator "NA RC"]
[PlyCount "43"]
[EventDate "2022.??.??"]
[TimeControl "60"]

1. d4 Nf6 2. Nf3 g6 3. Nc3 Bg7 4. e4 d6 5. Bc4 e6 6. Bg5 Qd7 7. e5 Ng8 8. d5 dxe5 9. dxe6 fxe6 10. O-O Nc6 11. Ne4 Na5 12. Qe2 Nxc4 13.
Qxc4 Qf7 14. Rad1 Bf6 15. Nxe5 Qe7 16. Nxf6+ Nxf6 17. Ng4 Rf8 18. Rfe1 c6 19. Qd4 Qc7 20. Nxf6+ Kf7 21. Nd7 Rg8 22. Qf6+ 1-0

[Event "44th Chess Olympiad Open 2022"]
[Site "Chennai"]
[Date "2022.08.02"]
[Round "5.81"]
[White "Tracey, Shaun M"]
[Black "Jamal, Hamid Harmon Gulamo"]
[Result "0-1"]
[WhiteElo "1650"]
[BlackElo "1617"]
[Annotator "NA RC"]
[PlyCount "142"]
[EventDate "2022.??.??"]
[TimeControl "60"]

1. e4 c5 2. Nc3 g6 3. f4 Bg7 4. Nf3 Nc6 5. a4 e6 6. e5 d5 7. d4 cxd4 8. Nxd4 Nge7 9. Ncb5 O-O 10. c3 f6 11. exf6 Bxf6 12. Be3 a6 13. Nxc6 bxc6 14. Nd4 Qc7 15. Be2 Bxd4 16. Qxd4 Nf5 17. Qb6 Qd7 18. Bc5 Rf7 19. O-O-O Nd6 20. Qb4 Ne4 21. Be3 Qe8 22. Bf3 Rb7 23. Qa3 Nf6 24. Bd4 Nd7 25. Rde1 Rab8 26. Re2 Nb6 27. Bxb6 Rxb6 28. Qc5 Qf8 29. Qxf8+ Kxf8 30. Bg4 c5 31. Rhe1 Kf7 32. Rd2 Bd7 33. Bd1 Kf6 34. Re5 Bc6 35. Rde2 Ba8 36. g4 d4 37. Rxc5 dxc3 38. g5+ Ke7 39. Rxc3 Kd6 40. Rd2+ Bd5 41. Rh3 R8b7 42. Be2 Rb4 43. Bxa6 Rc7+ 44. Rc2 Rf7 45. Rf2 Rxa4 46. Bd3 Rb7 47. Bb1 Ra1 48. Rd2 Rc7+ 49. Rc3 Rf7 50. Rd4 e5 51. fxe5+ Ke6 52. Rxd5 Kxd5 53. Rd3+ Kxe5 54. Re3+ Kf4 55. Re4+ Kxg5 56. h4+ Kh5 57. Re1 Kxh4 58. Rh1+ Kg3 59. Kd2 Ra8 60. b3 Rf2+ 61. Kc3 Rf3+ 62. Kb2 Rb8 63. Bc2 Rf2 64. Kb1 Rb7 65. Re1 g5 66. Re3+ Rf3 67. Re1 Rbf7 68. Kb2 g4 69. Rh1 Rf2 70. Kc1 Rf1+ 71. Rxf1 Rxf1+ 0-1

[Event "44th Chess Olympiad Open 2022"]
[Site "Chennai"]
[Date "2022.08.02"]
[Round "5.81"]
[White "Shaw, Clifford"]
[Black "Paiva, Donaldo"]
[Result "0-1"]
[WhiteElo "1615"]
[BlackElo "2191"]
[Annotator "NA RC"]
[PlyCount "64"]
[EventDate "2022.??.??"]
[TimeControl "60"]

1. e4 c5 2. d4 cxd4 3. c3 Nf6 4. e5 Nd5 5. Bc4 Nb6 6. Bb3 d5 7. Nf3 dxc3 8. Nxc3 e6 9. O-O Be7 10. Bf4 Nc6 11. a3 Bd7 12. Bc2 O-O 13.
Qd3 g6 14. h4 Bxh4 15. g3 Be7 16. Kg2 f5 17. exf6 Bxf6 18. Rh1 Rf7 19. Rxh7 Rxh7 20. Qxg6+ Rg7 21. Qh6 e5 22. Rh1 exf4 23. Bg6 Kf8 24. Re1 fxg3 25. fxg3 Ne7 26. Bh7 Nf5 27. Bxf5 Bxf5 28. Ne5 Kg8 29. Rh1 Bxe5 30. Qh8+ Kf7 31. Qh5+ Ke6 32. Rf1 Qg5 0-1

[Event "44th Chess Olympiad Open 2022"]
[Site "Chennai"]
[Date "2022.08.02"]
[Round "5.82"]
[White "Marie, Patrick"]
[Black "Elvis Havyarimana"]
[Result "0-1"]
[WhiteElo "1921"]
[BlackElo "1724"]
[Annotator "NA RC"]
[PlyCount "126"]
[EventDate "2022.??.??"]
[TimeControl "60"]

1. d4 e6 2. c4 d5 3. Nf3 Nf6 4. g3 dxc4 5. Qa4+ Nc6 6. Qxc4 Bd6 7. Bg2 O-O 8. Bg5 h6 9. Bd2 Re8 10. Nc3 a6 11. O-O e5 12. d5 Ne7 13. e4 c6 14. Rfd1 cxd5 15. Nxd5 Nexd5 16. exd5 Bg4 17. Re1 Qd7 18. Bc3 Rac8 19. Qb3 e4 20. Bxf6 exf3 21. Bxf3 Bxf3 22. Qxf3 gxf6 23. Qxf6 Bf8 24. Red1 Bg7 25. Qf4 Rc5 26. Qf3 Rd8 27. Rac1 Rxd5 28. Rxd5 Qxd5 29. Qxd5 Rxd5 30. Rc8+ Bf8 31. Rc7 b6 32. Rc2 Bc5 33. Kg2 Kg7 34. g4 h5 35. h3 hxg4 36. hxg4 f5 37. f3 fxg4 38. fxg4 Rd3 39. a3 a5 40. b4 axb4 41. axb4 Bxb4 42. Rc7+ Kg6 43. Rc6+ Rd6 44. Rc8 Kg5 45. Kf3 Rf6+ 46. Ke4 Kxg4 47. Rg8+ Kh5 48. Kd5 Bc5 49. Kc4 Rg6 50. Re8 Kg5 51. Kb5 Kf5 52. Re1 Re6 53. Rf1+ Ke5 54. Re1+ Kd6 55. Rd1+ Kc7 56. Kc4 Kc6 57. Kb3 Re4 58. Rh1 Re3+ 59. Kc2 Kd5 60. Rh4 Bd4 61. Rh5+ Kc4 62. Rh1 Re2+ 63. Kb1 b5 0-1

[Event "44th Chess Olympiad Open 2022"]
[Site "Chennai"]
[Date "2022.08.02"]
[Round "5.82"]
[White "Muheto, Dieudonne"]
[Black "Naipal, Hoolan"]
[Result "1-0"]
[WhiteElo "1830"]
[BlackElo "1785"]
[Annotator "NA RC"]
[PlyCount "131"]
[EventDate "2022.??.??"]
[TimeControl "60"]

1. d4 Nf6 2. Nf3 e6 3. Bf4 d5 4. e3 c5 5. c3 Nc6 6. Ne5 Bd6 7. Bb5 Qc7 8. Nd2 O-O 9. Ndf3 Ne4 10. Bd3 f6 11. Nxc6 bxc6 12. Bxd6 Qxd6 13. Nd2 Nxd2 14. Qxd2 e5 15. O-O e4 16. Be2 f5 17. f4 exf3 18. Rxf3 Bd7 19. dxc5 Qxc5 20. Qd4 Qe7 21. Bd3 Be6 22. Raf1 g6 23. h4 c5 24. Qe5 Rae8 25. h5 Bf7 26. Qf4 Kg7 27. Rh3 Qe5 28.
Qh4 Qe7 29. Qg3 Qe5 30. Rxf5 Qxg3 31. Rxg3 Re7 32. hxg6 hxg6 33. Rfg5 Rb8 34. Bxg6 Rxb2 35. Bxf7+ Kxf7 36.
Rg7+ Ke8 37. Rxe7+ Kxe7 38. Rg7+ Ke6 39. Rxa7 Re2 40. Ra8 Kf6 41. Ra5 Rxe3 42. Rxc5 Ke6 43. a4 Re1+ 44. Kf2 Ra1 45. Ra5 Rc1 46. g4 Rxc3 47. g5 Ra3 48. g6 Kf6 49. Ra6+ Kg7 50. Ke2 d4 51. Kd2 Kh6 52. Kc2 Kg7 53. Kb2 Rf3 54. Rd6 d3 55. Kc3 Rf4 56. a5 Ra4 57. a6 Ra3+ 58. Kd2 Kh6 59. Rb6 Kg7 60. Ke3 Kh6 61. Rd6 Kg7 62. Rd7+ Kxg6 63. Ra7 Kf6 64. Ra8 Ke6 65. a7 Kd7 66. Rh8 1-0

[Event "44th Chess Olympiad Open 2022"]
[Site "Chennai"]
[Date "2022.08.02"]
[Round "5.83"]
[White "Van den Brink, Peter"]
[Black "Kibrom Weldegebriel Beraki"]
[Result "1-0"]
[WhiteElo "2167"]
[BlackElo "1793"]
[Annotator "NA RC"]
[PlyCount "95"]
[EventDate "2022.??.??"]
[TimeControl "60"]

1. c4 Nf6 2. g3 g6 3. Bg2 Bg7 4. Nc3 O-O 5. e4 d6 6. Nge2 c5 7. O-O Nc6 8. d3 a6 9. h3 Rb8 10. a4 Bd7 11. Be3 e5 12. f4 Nd4 13. g4 h5 14. gxh5 Nxh5 15. f5 b5 16. axb5 axb5 17. b3 b4 18. Bxd4 exd4 19. Nd5 Be5 20. Qd2 Kg7 21. Ra7 Ra8 22. f6+ Nxf6 23. Rxa8 Qxa8 24. Nxf6 Bxf6 25. Rxf6 Bxh3 26. Rxd6 Bg4 27. e5 Qe8 28. Rd5 Qe7 29. Nf4 Rh8 30. Qf2 Bf5 31. Qg3 Rh4 32. Bh3 Rxf4 33. Qxf4 Bxh3 34. Qf6+ Qxf6 35. exf6+ Kxf6 36. Rxc5 Bf5 37. Rb5 Bxd3 38.
Rxb4 Ke5 39. Rb5+ Ke4 40. Rb7 f5 41. Rg7 Bc2 42. c5 Kd5 43.
b4 Ba4 44. Rxg6 d3 45. Kf2 d2 46. Rd6+ Kc4 47. Rxd2 Kxb4 48. Rd4+ 1-0